 Dungeon Crawl Stone Soup version 0.27-a0-1046-g98bf31544f (webtiles) character file.

Game seed: 8809301112149160232

51 siradein the Poker (level 3, 0/27 HPs)
             Began as a Demonspawn Gladiator on Apr 19, 2021.
             Slain by an adder (1 damage)
             ... on level 2 of the Dungeon.
             The game lasted 00:10:31 (1797 turns).

siradein the Poker (Demonspawn Gladiator)           Turns: 1797, Time: 00:10:32

Health: 0/27       AC:  4    Str: 15    XL:     3   Next: 58%
Magic:  3/3        EV: 12    Int:  9    God:
Gold:   92         SH:  0    Dex: 14    Spells: 2/2 levels left

rFire    . . .     SeeInvis .   a - +0 trident
rCold    . . .     Faith    +   (no shield)
rNeg     . . .     Spirit   .   b - +0 leather armour
rPois    .         Reflect  .   c - +0 helmet
rElec    .         Harm     .   (no cloak)
rCorr    .         Rampage  .   (no gloves)
Will     .....                  (no boots)
Stlth    +.........             h - amulet of faith
HPRegen  0.09/turn              (no ring)
MPRegen  0.08/turn              (no ring)

@: mighty, lethally poisoned (0 -> -5)
A: powered by death 1
a: no special abilities


You were on level 2 of the Dungeon.
You visited 1 branch of the dungeon, and saw 3 of its levels.

You collected 92 gold pieces.

Inventory:

Hand Weapons
 a - a +0 trident (weapon)
Missiles
 d - 3 throwing nets (quivered)
Armour
 b - a +0 leather armour (worn)
 c - a +0 helmet (worn)
Jewellery
 f - a ring of fire
 h - an amulet of faith (around neck)
Scrolls
 e - a scroll of fear {unknown}
 g - a scroll of summoning {unknown}
 i - a scroll of magic mapping {unknown}
 j - a scroll of identify {unknown}
Potions
 k - a potion of might


   Skills:
 - Level 2.0 Fighting
 + Level 4.2 Polearms
 - Level 1.7 Throwing
 - Level 2.6 Dodging


You had 2 spell levels left.
You didn't know any spells.
Your spell library was empty.

Dungeon Overview and Level Annotations

Branches:
Dungeon (3/15)

Altars:


Innate Abilities, Weirdness & Mutations

You regenerate a little health from kills.


Message History

The adder bites you.
You climb upwards.
There is a stone staircase leading down here.
You miss the adder. The adder bites you but does no damage.
The adder bites you.
You are poisoned.
The adder poisons you!
You miss the adder.
You feel sick. The adder bites you but does no damage.
You closely miss the adder.
You feel sick. The adder barely misses you.
You puncture the adder!
The adder is almost dead.
You feel sick. The adder bites you.
You are more poisoned.
The adder poisons you! The adder barely misses you.
You closely miss the adder.
The adder is almost dead.
You feel sick. The adder bites you.
You are lethally poisoned!
The adder poisons you!
You are too injured to fight recklessly!
You hit the adder but do no damage.
The adder is almost dead.
You feel very sick. The adder bites you but does no damage.
The adder misses you.
You closely miss the adder.
The adder is almost dead.
* * * LOW HITPOINT WARNING * * *
You feel very sick. The adder misses you.
You closely miss the adder.
The adder is almost dead.
* * * LOW HITPOINT WARNING * * *
You feel sick. The adder bites you.
* * * LOW HITPOINT WARNING * * *
The adder misses you.
It was a potion of might.
You feel very mighty all of a sudden.
* * * LOW HITPOINT WARNING * * *
You feel sick. The adder bites you.
You die...

#.#..........# #
#.#.###......# # #.#.#
#......# # #.#.# #......#
# #.#.###......#####
#.....'......'....
#.#.###......#####
#.#.###......#####
#@S...'......'....
###.###......##### #.#
######## #.# #....# #.#
#....##### #.#
#........### ###########.#
#........... #...........#
#...........
#.#############....###....


You could see an adder.

Vanquished Creatures
  An adder (D:2)
  A dart slug (D:1)
  4 ball pythons
  5 bats
  2 endoplasms (D:2)
  3 goblins
  4 hobgoblins (D:2)
  4 jackals (D:1)
  7 kobolds
  A quokka (D:2)
  5 rats
37 creatures vanquished.

Notes
Turn   | Place    | Note
-------+----------+-------------------------------------------
     0 | D:1      | siradein the Demonspawn Gladiator began the quest for the
                  | Orb.
     0 | D:1      | Reached XP level 1. HP: 16/16 MP: 1/1
    75 | D:1      | Found a faded altar of an unknown god.
   136 | D:1      | Reached skill level 3 in Polearms
   263 | D:1      | Gained mutation: You regenerate a little health from kills.
                  | [demonic ancestry]
   263 | D:1      | Reached XP level 2. HP: 18/22 MP: 2/2
  1068 | D:2      | Reached skill level 4 in Polearms
  1068 | D:2      | Reached XP level 3. HP: 13/27 MP: 3/3
  1796 | D:2      | HP: 1/27 [adder (3)]
  1797 | D:2      | Slain by an adder

Illustrated notes

Levels and vault maps discovered:
D:1:      lightli_arrival_noodles, layout_basic,
          ebering_ecumenical_altar_abandoned
D:2:      layout_basic
D:3:      layout_rooms, ebering_ghost_sewer_d

Skill      XL: |  1  2 |
---------------+-------+-----
Polearms       | 3 4 |  4.2
Fighting       | |  2.0
Throwing       | |  1.7
Dodging        | |  2.6

Action                   || total
-------------------------++-------
Melee: Trident           ||   122
  Use: Potion            ||     1
 Stab: Sleeping          ||     2
Armor: Leather armour    ||    38
Dodge: Dodged            ||    73

Table legend: (Time is in decaauts)
 A = Elapsed time spent in this place.
 B = Non-inter-level travel time spent in this place.
 C = Inter-level travel time spent in this place.
 D = Time resting spent in this place.
 E = Time spent auto-exploring this place.
 F = Levels seen in this place.
 G = Mean time per level.
                   A        B        C        D        E       F      G
               +--------+--------+--------+--------+--------+-----+--------+
         Total |   1810 |   1748 |     62 |     11 |   1452 |   3 |  603.3 |
       Dungeon |   1810 |   1748 |     62 |     11 |   1452 |   3 |  603.3 |
               +--------+--------+--------+--------+--------+-----+--------+

Top non-repeatable levels by time:
     D:2: 1150 daAuts
     D:1: 638 daAuts
     D:3: 20 daAuts
